 Dungeon Crawl Stone Soup version 0.29.1-15-g9cfb28693d (webtiles) character file.

Game seed: 3331448496248871110

119 Parcival the Covered (level 4, -5/35 (40) HPs)
             Began as a Minotaur Fighter on Mar 20, 2023.
             Slain by a necrophage (6 damage)
             ... on level 3 of the Dungeon.
             The game lasted 00:03:07 (2344 turns).

Parcival the Covered (Minotaur Fighter)             Turns: 2344, Time: 00:03:08

HP:   -5/35 (40)    AC:  7    Str: 22    XL:     4   Next: 74%
MP:   3/3           EV:  8    Int:  5    God:
Gold: 91            SH:  8    Dex: 10    Spells: 3/3 levels left

rFire   . . .      SeeInvis .   l - +1 whip (vamp)
rCold   . . .      Faith    .   h - +0 kite shield
rNeg    . . .      Spirit   .   b - +0 scale mail
rPois   .          Reflect  .   (helmet restricted)
rElec   .          Harm     .   (no cloak)
rCorr   .          Rampage  .   (no gloves)
Will    .....                   (no boots)
Stlth   ..........              (no amulet)
HPRegen 0.11/turn               (no ring)
MPRegen 0.08/turn               (no ring)

@: heavily drained
A: horns 2, retaliatory headbutt
a: no special abilities


You were on level 3 of the Dungeon.
You visited 1 branch of the dungeon, and saw 3 of its levels.

You collected 91 gold pieces.

Inventory:

Hand Weapons
 a - a +0 war axe
 l - a +1 vampiric whip (weapon)
Armour
 b - a +0 scale mail (worn)
 c - a +0 buckler
 h - a +0 kite shield (worn)
Jewellery
 f - a ring of resist corrosion
Scrolls
 g - a scroll of teleportation {unknown}
 i - 2 scrolls of magic mapping
 k - 3 scrolls of vulnerability
Potions
 d - a potion of might
 e - a potion of flight {unknown}
 j - a potion of degeneration
 m - a potion of heal wounds {unknown}
 n - a potion of curing
 o - a potion of berserk rage
 p - a potion of lignification {unknown}


   Skills:
 + Level 4.1 Fighting
 + Level 3.2(3.4) Axes
 + Level 1.5(2.5) Maces & Flails
 + Level 4.8 Armour
 + Level 1.1 Dodging
 + Level 0.2 Stealth
 + Level 4.2 Shields


You had 3 spell levels left.
You didn't know any spells.
Your spell library was empty.

Dungeon Overview and Level Annotations

Branches:
Dungeon (3/15)

Altars:
Xom


Innate Abilities, Weirdness & Mutations

You have a pair of horns on your head.
You reflexively headbutt those who attack you in melee.


Message History

The hound is almost dead.
The hound bites you but does no damage. The necrophage hits you.
You feel drained. The hound bites you. The necrophage hits you.
You feel drained.
You hit the hound but do no damage.
The hound is almost dead.
The hound barely misses you. The necrophage barely misses you.
You block the hound's attack.
You closely miss the hound. Your headbutt misses the hound.
The hound is almost dead.
The hound bites you.
The necrophage hits you but does no damage.
You hit the hound but do no damage. Your headbutt misses the hound.
The hound is almost dead.
You block the hound's attack.
The necrophage hits you but does no damage.
The hound stops to sniff the ground.
The hound bites you but does no damage.
You hit the hound.
You feel better.
You kill the hound!
The necrophage hits you but does no damage.
Your Dodging skill increases to level 1!
The necrophage hits you.
* * * LOW HITPOINT WARNING * * *
You feel drained.
* * * LOW HITPOINT WARNING * * *
You closely miss the necrophage. You block the necrophage's attack.
You closely miss the necrophage. The necrophage hits you.
* * * LOW HITPOINT WARNING * * *
The necrophage hits you.
* * * LOW HITPOINT WARNING * * *
You feel drained.
* * * LOW HITPOINT WARNING * * *
You hit the necrophage.
The necrophage is lightly damaged.
The necrophage hits you but does no damage.
You barely miss the necrophage.
The necrophage is lightly damaged.
The necrophage hits you.
You die...

..# >...#####
........###
......#...
.........#
.........
......#.#######
#rn@.......
###.#######
##.### #....#
........#.#
######.##.# #.
#.# .### .. #.#
.... ### #.#
####


You could see a necrophage and a rat.

Vanquished Creatures
  A hound (D:3)
  4 adders
  A worm (D:2)
  3 dart slugs
  4 endoplasms (D:2)
  A giant cockroach (D:1)
  5 goblins
  A hobgoblin (D:2)
  5 kobolds
  3 quokkas
  6 ball pythons
  6 bats
  3 frilled lizards
  5 rats
48 creatures vanquished.

Notes
Turn   | Place    | Note
-------+----------+-------------------------------------------
     0 | D:1      | Parcival the Minotaur Fighter began the quest for the Orb.
     0 | D:1      | Reached XP level 1. HP: 19/19 MP: 0/0
   342 | D:1      | Reached XP level 2. HP: 26/27 MP: 1/1
  1291 | D:2      | Reached XP level 3. HP: 33/33 MP: 2/2
  1819 | D:2      | Reached XP level 4. HP: 40/40 MP: 3/3
  2141 | D:3      | Found a faded altar of an unknown god.
  2173 | D:3      | Reached skill level 1 in Maces & Flails
  2209 | D:3      | Found a shimmering altar of Xom.
  2322 | D:3      | Noticed a necrophage
  2340 | D:3      | Reached skill level 1 in Dodging
  2342 | D:3      | HP: 1/35 [necrophage (1)]
  2344 | D:3      | Slain by a necrophage

Illustrated notes

Levels and vault maps discovered:
D:1:      dpeg_arrival_circle_labyrinth_c, layout_basic, serial_corexii_hall,
          chequers_hall_statues_corner_a, chequers_hall_statues_wall_a
D:2:      minmay_skewed_foursquare, layout_basic
D:3:      layout_loops_ring, mainiacjoe_overflow_paths,
          nicolae_overflows_in_rows, nicolae_ecumenical_pavilion

Skill      XL: |  1  2  3  4 |
---------------+-------------+-----
Armour         | 4 |  4.8
Fighting       | 4 |  4.1
Shields        | 4 |  4.2
Axes           | 3 |  3.2
Maces & Flails | 1 |  1.5
Dodging        | 1 |  1.1
Stealth        | |  0.2

Action                   |  1- 3 |  4- 6 || total
-------------------------+-------+-------++-------
Melee: War axe           |    39 |       ||    39
       Whip              |    48 |    29 ||    77
       Headbutt          |    10 |     3 ||    13
  Use: Scroll            |       |     7 ||     7
Armor: Scale mail        |    52 |    22 ||    74
Dodge: Dodged            |    52 |    12 ||    64
Block: Buckler           |     4 |       ||     4
       Kite shield       |    36 |     5 ||    41
